 Dungeon Crawl Stone Soup version 0.27-a0-1065-ge809cff456 (webtiles) character file.

Game seed: 11831181064545762833

53 Mgcat the Magician (level 3, 0/27 HPs)
             Began as a Djinni Fire Elementalist on Apr 22, 2021.
             Slain by Crazy Yiuf
             ... wielding a +3 quarterstaff of chaos
              (18 damage)
             ... on level 2 of the Dungeon.
             The game lasted 00:02:18 (1890 turns).

Mgcat the Magician (Djinni Fire Elementalist)       Turns: 1890, Time: 00:02:18

Health: 0/27       AC:  2    Str:  7    XL:     3   Next: 87%
Gold:   70         EV: 12    Int: 17    God:
                   SH:  0    Dex: 13

rFire    + + .     SeeInvis .   g - +2 dagger (elec)
rCold    x . .     Faith    .   (no shield)
rNeg     . . .     Spirit   .   a - +0 robe
rPois    ∞         Reflect  .   (no helmet)
rElec    .         Harm     .   (no cloak)
rCorr    .         Rampage  .   (no gloves)
Will     .....                  (boots unavailable)
Stlth    ++........             (no amulet)
HPRegen  0.09/turn              (no ring)
MPRegen  0.00/turn              (no ring)

@: flying
A: fire resistance 2, cold vulnerability 1, float, innate caster, hp casting,
extra vitality 1
a: no special abilities


You were on level 2 of the Dungeon.
You visited 1 branch of the dungeon, and saw 2 of its levels.

You collected 70 gold pieces.

Inventory:

Hand Weapons
 g - a +2 dagger of electrocution (weapon)
   (You took it off a goblin on level 1 of the Dungeon)
Armour
 a - a +0 robe (worn)
Magical Staves
 j - a staff of fire {rF+}
   (You found it on level 1 of the Dungeon)
 l - a staff of cold {rC+}
   (You found it on level 2 of the Dungeon)
Scrolls
 b - a scroll of silence {unknown}
 c - a scroll of identify {unknown}
 f - a scroll of fog {unknown}
 k - 2 scrolls of magic mapping {unknown}
Potions
 d - a potion of lignification {unknown}
 e - a potion of attraction {unknown}
 h - a potion of invisibility {unknown}
 i - a potion of degeneration {unknown}
 m - a potion of might {unknown}
 n - a potion of berserk rage {unknown}


   Skills:
 + Level 1.6 Fighting
 - Level 2.1 Dodging
 - Level 1.5 Stealth
 * Level 3.6 Spellcasting


You couldn't memorise any spells.
You knew the following spells:

 Your Spells              Type           Power      Damage    Failure   Level
a - Foxfire               Conj/Fire      60%        2x1d7     3%          1
b - Conjure Flame         Conj/Fire      15%        6-21      11%         3
c - Inner Flame           Hex/Fire       15%        N/A       11%         3
d - Sticky Flame          Conj/Fire      15%        2d4       34%         4
e - Fireball              Conj/Fire      7%         3d5       69%         5
f - Pain                  Necr           60%        1d7       3%          1
Your spell library was empty.

Dungeon Overview and Level Annotations

Branches:
Dungeon (2/15)

Altars:

Annotations:
D:2 Crazy Yiuf


Innate Abilities, Weirdness & Mutations

You are immune to poison.
Your flesh is very heat resistant. (rF++)
You are vulnerable to cold. (rC-)
You float through the air rather than walking.
You learn spells naturally, not from books.
Your magical power is your life essence.
You have superior vitality. (+4 HP)


Message History

You are very lightly contaminated with residual magic.
Nothing appears to happen.
You take 1 damage, and have 26/27 hp.
Unknown command.
The helpless adder fails to defend itself.
You hit the adder.
The adder is heavily wounded.
The adder bites you but does no damage.
Casting: Foxfire (safe; 3% risk of failure)
Confirm with . or Enter, or press ? or * to list all spells.
You conjure some foxfire!
The adder bites you. The adder completely misses you.
The foxfire hits the adder!
You kill the adder!
You take 3 damage, and have 23/27 hp.
k - 2 scrolls labelled HATEETZ MAMAE (gained 1)
Your magical contamination has completely faded away.
n - an inky potion You now have 58 gold pieces (gained 14).
You see here a book of Maledictions.
You see here a bat corpse.
You see here a book of Flames.
Things that are here:
a +0 short sword; a jackal skeleton
There is a stone staircase leading up here.
You now have 70 gold pieces (gained 12).
An endoplasm comes into view.
Health restored: 27
Casting: Foxfire (safe; 3% risk of failure)
Confirm with . or Enter, or press ? or * to list all spells.
You conjure some foxfire!
The endoplasm quivers.
The foxfire hits the endoplasm.
You kill the endoplasm!
You take 1 damage, and have 26/27 hp.
A ball python comes into view.
Health restored: 27
Casting: Foxfire (safe; 3% risk of failure)
Confirm with . or Enter, or press ? or * to list all spells.
You conjure some foxfire!
The foxfire hits the ball python.
The ball python is moderately wounded.
The ball python hisses angrily.
Casting: Foxfire (safe; 3% risk of failure)
Confirm with . or Enter, or press ? or * to list all spells.
You conjure some foxfire!
The ball python closely misses you. x2
The ball python barely misses you. The ball python closely misses you.
The foxfire hits the ball python!
You kill the ball python!
You take 1 damage, and have 26/27 hp.
Your foxfire dissipates!
You see here a +0 chain mail.
You see here a +0 chain mail.
Found a stone staircase leading down.
Health restored: 27
Casting: Foxfire (safe; 3% risk of failure)
Confirm with . or Enter, or press ? or * to list all spells.
You conjure some foxfire!
You take 1 damage, and have 26/27 hp.
Your foxfire dissipates!
There is a stone staircase leading down here.
There is a stone staircase leading down here.
There is a stone staircase leading up here.
Crazy Yiuf shouts!
Health restored: 27 Spoiler Alert: Crazy Yiuf can hit for high damage in melee!
Could not explore, unopened runed door.
Could not explore, unopened runed door.
Could not explore, unopened runed door.
Could not explore, unopened runed door.
Could not explore, unopened runed door.
Could not explore, unopened runed door.
Spoiler Alert: Crazy Yiuf can hit for high damage in melee!
Unknown command.
Unknown command.
Unknown command.
Unknown command.
You reach down and open the door.
Casting: Foxfire (safe; 3% risk of failure)
Confirm with . or Enter, or press ? or * to list all spells.
You aren't experienced enough to cast this spell.
Spoiler Alert: Crazy Yiuf can hit for high damage in melee!
Crazy Yiuf is nearby!
Unknown command.
Unknown command.
Casting: Foxfire (safe; 3% risk of failure)
Confirm with . or Enter, or press ? or * to list all spells.
You aren't experienced enough to cast this spell.
Spoiler Alert: Crazy Yiuf can hit for high damage in melee!
Unknown command.
Unknown command.
Unknown command.
Casting: Foxfire (safe; 3% risk of failure)
Confirm with . or Enter, or press ? or * to list all spells.
You conjure some foxfire!
Crazy Yiuf cries, "Castle!"
Crazy Yiuf hits you with a +3 quarterstaff of chaos!
Crazy Yiuf burns you.
Crazy Yiuf hits you with a +3 quarterstaff of chaos!!
Ouch! That really hurt!
You die...

.## ######
#....###..)###..#.#
.######....# #....#
##.:# #.≈##.
...........# ♣PP.P♣
#..###.≈#..
#####.....## ♣♣PP.♣
##......≈### #
#.......# ♣♣.♣♣
#.......≈≈#. #
#.#.....## ♣♣.♣
##.####.≈≈## #
#.#......# ♣.♣♣ #.#
#..≈≈≈ # #..###.###
♣♣v♣ #.# #..≈≈≈ #
##.# #.# ♣@♣♣ #.#
#...≈≈ ####.# #.#
#g# #.# ###..≈
.....###.### ...
#.# ##..
.###.......# #...#
#.# ### ##
##.##.### #)..# #.#
# # #....# #####
#)# ## ##.#### #.#
.###..# ###.#
#[....# #...#


You could see Crazy Yiuf (ally target).

Vanquished Creatures
  An adder (D:2)
  2 dart slugs
  2 ball pythons
  2 bats
  2 endoplasms
  A giant cockroach (D:1)
  2 goblins
  4 hobgoblins
  9 jackals
  4 kobolds
  A quokka (D:1)
  A frilled lizard (D:1)
  A rat (D:1)
32 creatures vanquished.

Vanquished Creatures (collateral kills)
  A foxfire (D:2)
1 creature vanquished.

Vanquished Creatures (others)
  78 foxfires
78 creatures vanquished.

Grand Total: 111 creatures vanquished

Notes
Turn   | Place    | Note
-------+----------+-------------------------------------------
     0 | D:1      | Mgcat the Djinni Fire Elementalist began the quest for the
                  | Orb.
     0 | D:1      | Reached XP level 1. HP: 15/15 MP: 0/0
   349 | D:1      | Reached skill level 3 in Spellcasting
   349 | D:1      | Reached XP level 2. HP: 19/22 MP: 0/0
   359 | D:1      | HP: 5/22 [frilled lizard (3)]
   684 | D:1      | Reached skill level 1 in Fighting
  1034 | D:2      | Reached XP level 3. HP: 24/27 MP: 0/0
  1034 | D:2      | Learned a level 1 spell: Pain
  1133 | D:2      | Found a faded altar of an unknown god.
  1884 | D:2      | Found a runed translucent door.
  1885 | D:2      | Noticed Crazy Yiuf
  1890 | D:2      | Slain by Crazy Yiuf

Illustrated notes

Levels and vault maps discovered:
D:1:      dpeg_arrival_tiny_a, layout_rooms
D:2:      layout_loops_ring, chequers_ecumenical_altar_lobes,
          grunt_decor_junction, minmay_tiny_reverse_x, uniq_crazy_yiuf_cottage

Skill      XL: |  1  2 |
---------------+-------+-----
Spellcasting   | 3 |  3.6
Fighting       | 1 |  1.6
Dodging        | |  2.1
Stealth        | |  1.5

Action                   || total
-------------------------++-------
Melee: Dagger            ||    19
 Cast: Foxfire           ||    56
 Stab: Sleeping          ||     2
Armor: Robe              ||     6
Dodge: Dodged            ||    31

Table legend: (Time is in decaauts)
 A = Elapsed time spent in this place.
 B = Non-inter-level travel time spent in this place.
 C = Inter-level travel time spent in this place.
 D = Time resting spent in this place.
 E = Time spent auto-exploring this place.
 F = Levels seen in this place.
 G = Mean time per level.
                   A        B        C        D        E       F      G
               +--------+--------+--------+--------+--------+-----+--------+
         Total |   1888 |   1882 |      6 |    230 |   1448 |   2 |  944.0 |
       Dungeon |   1888 |   1882 |      6 |    230 |   1448 |   2 |  944.0 |
               +--------+--------+--------+--------+--------+-----+--------+

Top non-repeatable levels by time:
     D:1: 1022 daAuts
     D:2: 866 daAuts

Table legend:
 A = Kills in this place as a percentage of kills in entire the game.
 B = Kills by you in this place as a percentage of kills by you in the entire game.
 C = Kills by friends in this place as a percentage of kills by friends in the entire game.
 D = Other kills in this place as a percentage of other kills in the entire game.
 E = Experience gained in this place as a percentage of experience gained in the entire game.
 F = Experience gained in this place divided by the number of levels of this place that you have seen.
                   A       B       C       D       E      F
               +-------+-------+-------+-------+-------+----------------------
         Total | 100.0 | 100.0 |   N/A |   N/A | 100.0 |  38.0
       Dungeon | 100.0 | 100.0 |   N/A |   N/A | 100.0 |  38.0
               +-------+-------+-------+-------+-------+----------------------
